 Dungeon Crawl Stone Soup version 0.32-a0-411-g744942f433 (webtiles) character file.

Game seed: 7082432482379837602

14896 lunkers the Skirmisher (level 12, -12/99 HPs)
             Began as a Coglin Hexslinger on Feb 21, 2024.
             Was an Initiate of Gozag.
             Succumbed to a death drake's dark miasma
             ... in a Gauntlet.
             The game lasted 00:23:36 (11699 turns).

lunkers the Skirmisher (Coglin Hexslinger)         Turns: 11699, Time: 00:23:36

Health: -12/99     AC:  9    Str: 10    XL:     12   Next: 21%
Magic:  13/13      EV: 13    Int: 20    God:    Gozag
Gold:   1290       SH:  0    Dex: 24    Spells: 10/13 levels left

rFire   . . .        a - +2 sling (drain) {Ximena}
rCold   . . .        v - +0 sling {Liesl}
rNeg    . . .        c - +1 robe
rPois   .            (no helmet)
rElec   .            (no cloak)
rCorr   .            D - +0 pair of gloves
SInv    .            C - +0 pair of boots
Will    .....        q - amulet of Fragile Peace {Acrobat Regen+ Int+7 Dex-2}
Stlth   +            f - +4 ring of protection
HPRegen 1.16/turn    J - +6 ring of dexterity
MPRegen 0.13/turn

%: no teleportation, acrobat
@: lethally poisoned (-12 -> -56), slowed, revving, very slow
A: off-hand wielding, slow wielding, warmup strikes, legs shutdown
a: Renounce Religion, Potion Petition, Call Merchant, Bribe Branch


You were in a Gauntlet.
You worshipped Gozag.
Gozag was most pleased with you.
You visited 3 branches of the dungeon, and saw 12 of its levels.
You also visited: Sewer, Ossuary and Gauntlet.

You collected 1489 gold pieces.
You paid 199 gold pieces to Gozag.

Inventory:

Hand Weapons
 a - a +2 sling of draining (weapon) {Ximena}
 v - a +0 sling (offhand) {Liesl}
Missiles
 d - 3 throwing nets
Armour
 c - a +1 robe (worn)
 C - a +0 pair of boots (worn)
 D - a +0 pair of gloves (worn)
 H - a +9 plate armour of ponderousness
Jewellery
 e - an amulet of regeneration
 f - a +4 ring of protection (left grasper)
 q - the amulet of Fragile Peace (around neck) {Acrobat Regen+ Int+7 Dex-2}
   (You found it in a Gauntlet)

   [amulet of the acrobat]

   Acrobat:   It increases your evasion while moving and waiting.
   Int+7:     It affects your intelligence (+7).
   Dex-2:     It affects your dexterity (-2).
   Regen+:    It increases your rate of health regeneration.
 E - an amulet of the acrobat
 J - a +6 ring of dexterity (right grasper)
 K - a +6 ring of dexterity
 L - a +6 ring of dexterity
 M - a +6 ring of dexterity
Scrolls
 b - 3 scrolls of poison
 h - 5 scrolls of fog
 n - 6 scrolls of teleportation
 s - a scroll of revelation
 t - a scroll of blinking
 z - a scroll of enchant armour
 A - 2 scrolls of immolation
 B - a scroll of summoning
 F - 2 scrolls of enchant weapon
 G - a scroll of brand weapon
Potions
 g - 3 potions of attraction
 i - a potion of ambrosia {unknown}
 j - 5 potions of heal wounds
 k - 7 potions of curing
 l - 5 potions of brilliance
 m - a potion of resistance {unknown}
 o - 3 potions of lignification
 p - 3 potions of invisibility
 r - a potion of berserk rage {unknown}
 u - a potion of cancellation {unknown}
 w - 2 potions of haste
 x - 2 potions of mutation {unknown}
Miscellaneous
 I - a phial of floods (inert)


   Skills:
 + Level 10.8 Fighting
 - Level 14.0 Ranged Weapons
 + Level 2.3 Dodging
 - Level 1.0 Spellcasting
 - Level 2.6 Hexes
 - Level 0.8 Fire Magic
 + Level 7.3 Evocations


You had 10 spell levels left.
You knew the following spells:

 Your Spells              Type           Power      Damage    Failure   Level
o - Apportation           Tloc           2%         N/A       17%         1
p - Jinxbite              Hex            22%        N/A       9%          2

Your spell library contained the following spells:

 Spells                   Type           Power      Damage    Failure   Level
 Freeze                   Ice            4%         1d3       17%         1
 Magic Dart               Conj           4%         1d3       17%         1
 Necrotise                Necr           4%         1d4       17%         1
 Sting                    Conj/Alch      4%         1d3       17%         1
 Summon Small Mammal      Summ           4%         N/A       17%         1
 Sigil of Binding         Hex            11%        N/A       17%         3
 Blink                    Tloc           2%         N/A       26%         2
 Call Imp                 Summ           2%         N/A       26%         2
 Inner Flame              Hex/Fire       8%         N/A       26%         3
 Frozen Ramparts          Ice            2%         1d1       45%         3
 Hailstorm                Conj/Ice       1%         3d5       45%         3
 Summon Ice Beast         Ice/Summ       1%         N/A       45%         3
 Cause Fear               Hex            5%         N/A       50%         4
 Dimensional Bullseye     Hex/Tloc       3%         N/A       69%         4
 Yara's Violent Unravell  Hex/Alch       3%         3d4       95%         5
 Sculpt Simulacrum        Ice/Alch       0%         N/A       100%        6
 Enfeeble                 Hex            5%         N/A       100%        7
 Chain Lightning          Conj/Air       0%         2d1       100%        9
 Fire Storm               Conj/Fire      1%         7d1       100%        9
 Shatter                  Erth           0%         3d5*      100%        9


Dungeon Overview and Level Annotations

Branches:
Dungeon (10/15)            Temple (1/1) D:5            Lair (1/5) D:10
  Sewer (visited)         Ossuary (visited)         Gauntlet (1/1)
    Orc: D:9-12

Altars:
Ashenzari
Cheibriados
Dithmenos
Elyvilon
Fedhas
Gozag
Hepliaklqana
Kikubaaqudgha
Makhleb
Nemelex Xobeh
Okawaru
Qazlal
Ru
Sif Muna
Trog
Uskayaw
Vehumet
Wu Jian
Xom
Yredelemnul
Zin
The Shining One

Shops:
D:7 *:

Annotations:
D:1 2 transporters
D:8 3 runed translucent doors, TheBioAlchemist's ghost, novice CoHs
Lair:1 Jeremiah Gauntlet 13 transporters, 21 runed translucent doors


Innate Abilities, Weirdness & Mutations

You can wield a second weapon in your off-hand.
It takes a long time for you to wield or remove held weapons.
Your first few attacks do less damage.
Attacking and casting redirects power from your legs.


Message History

Press: ? - help, Shift-Dir - straight line, f/p - death drake
Aim: a death drake (chance to affect: 73%)
The death drake's mind is blasted!!!
The now-empty wand crumbles to dust.
You feel extremely sick. The death drake barely misses you.
The death drake breathes miasma at you.
The foul vapour engulfs you but does no damage.
Unknown command.
Unknown command.
Unknown command.
Fire: a) +2 sling (drain) {Ximena}
Press: ? - help, Q - select action, (/) - cycle Shift-Dir - straight line, f/p - death drake
Aim: a death drake (foul pestilence, heavily wounded, catching its breath, 65% to hit)
You shoot a sling bullet.
The sling bullet misses the death drake.
You shoot a sling bullet. The sling bullet hits the death drake.
The death drake is heavily wounded.
You are engulfed in dark miasma.
You are more poisoned.
* * * LOW HITPOINT WARNING * * *
* * * LOW HITPOINT WARNING * * *
You feel extremely sick. The death drake barely misses you.
Unknown command.
Aim the phial where?
Press: ? - help, Shift-Dir - straight line, f/p - death drake
Aim: a death drake (foul pestilence, heavily wounded, catching its breath, 60% to hit)
The torrent of water hits the death drake!
The death drake is severely wounded.
The death drake is knocked back by the torrent of water.
The death drake is engulfed in water.
The wave splashes down.
Splash!
You fall into the shallow water.
Moving in this stuff is going to be slow.
You are engulfed in dark miasma.
You are more poisoned.
* * * LOW HITPOINT WARNING * * *
You are no longer unable to travel.
You die...
Your body crumbles into a pile of gold.

..........#.#.[......^#.#........
..........#.#.######^.#.#........
########..#.###....##.#.#..######
#ß# #ß#..#.##○####.#.#.#..#ß# ###
###..#©#○##.©.##.#©#..##
#..###○#.####.####..#
#....#.##....###....#
#....#.^######°#....#
###..#^.~@°k°°##..###
#ß#..###########..#ß#
###...............###
#≈.............≈#
################# #ß# #ß# #ß# #ß#
### ### ### ###


You could see a death drake (unsilenced, catching breath, waterlogged).

Vanquished Creatures
  A two-headed ogre (D:10)
  Pikel (D:8)
  2 ugly things (D:10)
  A meliai (shapeshifter) (D:10)
  2 cane toads (Lair:1)
  A gargoyle (D:10)
  A komodo dragon (D:10)
  A polar bear (Lair:1)
  A troll (D:10)
  A hornet (D:9)
  A queen bee (Gauntlet)
  7 blink frogs (Lair:1)
  A shadow (D:10)
  2 wraiths
  18 yaks
  2 wyverns
  A basilisk (Lair:1)
  A steam dragon (D:7)
  Menkaure (Ossuary)
  2 water moccasins
  4 orc warriors
  A sky beast (D:8)
  5 black bears
  2 ogres
  2 centaurs (D:7)
  2 lemures (D:8)
  3 kobold brigands
  2 brain worms (Sewer)
  A gnoll sergeant (D:10)
  7 bullfrogs
  4 scorpions
  3 wights (D:8)
  15 killer bees
  4 howler monkeys
  6 centaur zombies
  2 bombardier beetles
  3 hounds
  2 gnoll boudas
  7 orc priests
  2 jellies
  A spectral boggart (Gauntlet)
  5 iguanas
  13 orc wizards
  3 sleepcaps
  6 mummies (Ossuary)
  13 gnolls
  17 adders
  4 river rats
  2 ufetubi (D:6)
  An adder zombie (Ossuary)
  A dart slug (D:4)
  5 ribbon worms
  28 orcs
  5 ball pythons
  2 bats
  4 endoplasms
  2 giant cockroaches (D:2)
  3 goblins
  8 hobgoblins
  8 jackals
  15 kobolds
  3 quokkas
  6 frilled lizards
  A gnoll zombie (Ossuary)
  2 goblin zombies (Ossuary)
  3 hobgoblin zombies (Ossuary)
  4 kobold zombies (Ossuary)
  An orc zombie (Ossuary)
  7 quokka zombies (Ossuary)
  10 rats
  6 rat zombies (Ossuary)
314 creatures vanquished.

Notes
Turn   | Place    | Note
-------+----------+-------------------------------------------
     0 | D:1      | lunkers the Coglin Hexslinger began the quest for the Orb.
     0 | D:1      | Reached XP level 1. HP: 15/15 MP: 2/2
    32 | D:1      | Reached skill level 2 in Ranged Weapons
   134 | D:1      | Reached XP level 2. HP: 21/21 MP: 3/3
   723 | D:2      | Reached skill level 3 in Ranged Weapons
   723 | D:2      | Reached XP level 3. HP: 26/26 MP: 4/4
   886 | D:2      | Learned a level 2 spell: Jinxbite
   942 | D:2      | Reached XP level 4. HP: 27/32 MP: 5/5
  1373 | D:2      | Reached skill level 4 in Ranged Weapons
  1768 | D:3      | Reached XP level 5. HP: 34/37 MP: 6/6
  1853 | D:3      | Found a glowing drain.
  1858 | Sewer    | Entered a sewer
  1925 | Sewer    | Reached skill level 5 in Ranged Weapons
  2106 | Sewer    | Noticed a kobold brigand
  2116 | Sewer    | Killed a kobold brigand
  2117 | Sewer    | Reached XP level 6. HP: 43/43 MP: 5/7
  2355 | Sewer    | Reached skill level 6 in Ranged Weapons
  2554 | Sewer    | Reached XP level 7. HP: 43/48 MP: 4/8
  2936 | D:3      | Found a faded altar of an unknown god.
  3407 | D:4      | Reached skill level 7 in Ranged Weapons
  3541 | D:4      | Found a burning altar of Makhleb.
  3778 | D:4      | Found a glowing golden altar of the Shining One.
  3862 | D:5      | Entered Level 5 of the Dungeon
  4031 | D:4      | Reached skill level 8 in Ranged Weapons
  4178 | D:4      | Reached XP level 8. HP: 49/54 MP: 6/9
  4339 | D:5      | Found a staircase to the Ecumenical Temple.
  4352 | Temple   | Entered the Ecumenical Temple
  4415 | D:5      | Reached skill level 9 in Ranged Weapons
  4595 | D:5      | Found a stormy altar of Qazlal.
  4818 | D:6      | Found a sand-covered staircase.
  4822 | Ossuary  | Entered an ossuary
  4979 | Ossuary  | Noticed Menkaure
  4989 | Ossuary  | Killed Menkaure
  5229 | Ossuary  | Reached skill level 10 in Ranged Weapons
  5540 | D:6      | Reached XP level 9. HP: 59/59 MP: 10/10
  5649 | D:6      | Identified the +4 chain mail of the Barracuda {Harm rElec
                  | Will+ Int+2 Dex-4}
  5989 | D:6      | Reached skill level 11 in Ranged Weapons
  6461 | D:6      | Learned a level 1 spell: Apportation
  6570 | D:7      | Found a hazy altar of Hepliaklqana.
  6896 | D:7      | Reached skill level 12 in Ranged Weapons
  7036 | D:7      | Found a shadowy altar of Dithmenos.
  7372 | D:7      | Found Wedyli's Tiny Tomes.
  7395 | D:7      | Found Womo's Assorted Antiques.
  7675 | D:8      | Noticed Pikel
  7691 | D:8      | Killed Pikel
  7692 | D:8      | Reached XP level 10. HP: 33/72 MP: 7/11
  7814 | D:8      | Reached skill level 1 in Evocations
  7847 | D:8      | Found a snail-covered altar of Cheibriados.
  7853 | D:8      | Found a runed translucent gate.
  7854 | D:8      | Found an opulent altar of Gozag.
  7855 | D:8      | Found an iron altar of Okawaru.
  7856 | D:8      | Found a white marble altar of Elyvilon.
  7856 | D:8      | Found a blossoming altar of Fedhas.
  7857 | D:8      | Found an ornate altar of the Wu Jian Council.
  7859 | D:8      | Found a radiant altar of Vehumet.
  7861 | D:8      | Found a bloodstained altar of Trog.
  7868 | D:8      | Became a worshipper of Gozag Ym Sagoz the Greedy
  7873 | D:8      | Found a runed translucent gate.
  7873 | D:8      | Noticed a boulder beetle
  7874 | D:8      | Found a runed translucent gate.
  7877 | D:8      | Noticed TheBioAlchemist's ghost (novice CoHs)
  8753 | D:9      | Paralysed by a hornet for 1 turns
  8802 | D:9      | Reached skill level 13 in Ranged Weapons
  8812 | D:9      | Found a shimmering blue altar of Sif Muna.
  8820 | D:9      | Reached skill level 5 in Fighting
  9216 | D:10     | Entered Level 10 of the Dungeon
  9513 | D:10     | Found a hide-covered altar of Uskayaw.
  9745 | D:10     | Found a broken altar of Ashenzari.
  9749 | D:10     | Saw a vision of the Shoals and the Snake Pit.
  9749 | D:10     | Noticed a sea snake
  9749 | D:10     | Noticed a guardian serpent
  9749 | D:10     | Noticed a manticore
  9749 | D:10     | Noticed a skyshark
  9749 | D:10     | Noticed a harpy
  9749 | D:10     | Noticed a naga mage
  9749 | D:10     | Noticed a naga sharpshooter
  9749 | D:10     | Noticed a naga warrior
  9749 | D:10     | Noticed a harpy
  9749 | D:10     | Noticed a harpy
  9749 | D:10     | Noticed a black mamba
  9749 | D:10     | Noticed a naga mage
  9749 | D:10     | Noticed a skyshark
  9749 | D:10     | Noticed a black mamba
  9750 | D:10     | Noticed a skyshark
  9771 | D:10     | Reached skill level 5 in Evocations
  9771 | D:10     | Reached XP level 11. HP: 61/81 MP: 12/12
  9829 | D:10     | Noticed a two-headed ogre
  9837 | D:10     | Killed a two-headed ogre
  9983 | D:10     | Noticed a brown ugly thing
 10000 | D:10     | Reached skill level 14 in Ranged Weapons
 10005 | D:10     | Killed a brown ugly thing
 10098 | D:10     | Noticed a red ugly thing
 10236 | D:10     | Killed a green ugly thing
 10384 | D:10     | Found a staircase to the Lair.
 10644 | Lair:1   | Entered Level 1 of the Lair of Beasts
 10657 | Lair:1   | Noticed Jeremiah
 11038 | Lair:1   | Reached skill level 10 in Fighting
 11038 | Lair:1   | Reached XP level 12. HP: 56/97 MP: 13/13
 11108 | Lair:1   | Found a gate leading to a gauntlet.
 11118 | Gauntlet | Entered a Gauntlet
 11118 | Gauntlet | Found a transporter.
 11118 | Gauntlet | Found a transporter.
 11118 | Gauntlet | Found a large runed translucent door.
 11118 | Gauntlet | Found a large runed translucent door.
 11118 | Gauntlet | Found a large runed translucent door.
 11118 | Gauntlet | Found a large runed translucent door.
 11118 | Gauntlet | Found a large runed translucent door.
 11118 | Gauntlet | Found a large runed translucent door.
 11118 | Gauntlet | Found a runed translucent door.
 11118 | Gauntlet | Found a runed translucent door.
 11118 | Gauntlet | Found a large runed translucent door.
 11118 | Gauntlet | Found a large runed translucent door.
 11118 | Gauntlet | Found a large runed translucent door.
 11118 | Gauntlet | Found a large runed translucent door.
 11118 | Gauntlet | Found a large runed translucent door.
 11118 | Gauntlet | Found a large runed translucent door.
 11121 | Gauntlet | Found a large runed translucent door.
 11121 | Gauntlet | Found a large runed translucent door.
 11122 | Gauntlet | Found a runed translucent gate.
 11122 | Gauntlet | Found a runed translucent gate.
 11122 | Gauntlet | Found a runed translucent gate.
 11124 | Gauntlet | Found a transporter.
 11135 | Gauntlet | Found a large runed translucent door.
 11136 | Gauntlet | Found a large runed translucent door.
 11140 | Gauntlet | Found a transporter.
 11155 | Gauntlet | Found a transporter.
 11167 | Gauntlet | Found a transporter.
 11183 | Gauntlet | Noticed a death yak
 11273 | Gauntlet | Found a transporter.
 11274 | Gauntlet | Found a transporter.
 11281 | Gauntlet | Noticed a four-headed hydra
 11284 | Gauntlet | Found a transporter.
 11288 | Gauntlet | Found a transporter.
 11289 | Gauntlet | Noticed a death yak
 11290 | Gauntlet | Noticed a death yak
 11290 | Gauntlet | Noticed a blizzard demon
 11293 | Gauntlet | Noticed a death yak
 11295 | Gauntlet | Found a transporter.
 11295 | Gauntlet | Found a transporter.
 11299 | Gauntlet | Found a transporter.
 11368 | Gauntlet | Found a transporter.
 11385 | Gauntlet | Found a transporter.
 11401 | Gauntlet | Found a transporter.
 11650 | Gauntlet | Identified the amulet of Fragile Peace {Acrobat Regen+
                  | Int+7 Dex-2}
 11699 | Gauntlet | HP: 4/99 [death drake] (9)]
 11699 | Gauntlet | Succumbed to a death drake's dark miasma

Illustrated notes

Levels and vault maps discovered:
D:1:      spicycebolla_arrival_transporter_tutorial, layout_loops_ring,
          corexii_leaking_fountain
D:2:      layout_basic
D:3:      layout_loops_ring, lightli_sewer_entry_pipes,
          shapermc_ecumenical_altar_gd, nicolae_figureground_pulse
D:4:      layout_cave_pools, nicolae_tso_swordbearing_angel,
          mainiacjoe_overflow_concentric_impassable
D:5:      layout_cave_pools, nicolae_qazlal_general_emergency,
          minmay_temple_entry_tees, serial_bayou_pond_a
D:6:      layout_loops_corners, lightli_ossuary_entry_decrepit_ruins, hex_tiny,
          minmay_fountain_box, glass_columns_a
D:7:      layout_loops_ring, mainiacjoe_overflow_small_starburst,
          nicolae_dithmenos_the_darkroom, serial_shops, kennysheep_mini,
          nicolae_shop_i_like_small_books_too, kennysheep_cross_room,
          amcnicky_mini_pool_small
D:8:      layout_rooms, minitemple, gammafunk_ghost_split, uniq_pikel
D:9:      layout_layer_cave, kennysheep_orc_sif_temple
D:10:     layout_rooms, grunt_ashenzari_visionary
          [grunt_ashenzari_visionary_shoals, grunt_ashenzari_visionary_snake],
          nicolae_uskayaw_dance_hall, grunt_lair_entry_orc_guard_hut,
          minmay_radiant
Temple:   hellmonk_temple_flake
Lair:1:   layout_misc_corridors, gauntlet_entry_generic, nzn_sisyphean_effort,
          uniq_jeremiah
Gauntlet: gammafunk_gauntlet_branching
          [minmay_gauntlet_arena_make_your_own_arena,
          nicolae_gauntlet_arena_grate_2, gammafunk_gauntlet_arena_hedges,
          nicolae_gauntlet_arena_quarters, gammafunk_gauntlet_arena_split_x,
          gammafunk_gauntlet_arena_spirals, gammafunk_gauntlet_arena_chambers,
          gammafunk_gauntlet_arena_mazey, gauntlet_exit_watery]

Skill      XL: |  1  2  3  4  5  6  7  8  9 10 11 12 |
---------------+-------------------------------------+-----
Ranged Weapons | 2 3 4 5 6 8 10 12 13 14 | 14.0
Fighting       | 4 5 10 | 10.8
Evocations     | 5 7 |  7.3
Dodging        | 2 |  2.3
Spellcasting   | |  1.0
Hexes          | |  2.6
Fire Magic     | |  0.8

Action                     |  1- 3 |  4- 6 |  7- 9 | 10-12 || total
---------------------------+-------+-------+-------+-------++-------
   Fire: Sling             |    77 |   206 |   989 |   940 ||  2212
   Cast: Jinxbite          |       |     7 |     8 |     5 ||    20
  Evoke: Wand              |       |       |       |    12 ||    12
         Phial of floods   |       |       |       |     1 ||     1
    Use: Scroll            |       |       |    20 |     8 ||    28
 Armour: Robe              |    28 |    90 |   169 |   186 ||   473
  Dodge: Dodged            |    32 |    82 |   149 |   165 ||   428
  Block: Buckler           |       |       |    35 |       ||    35

Table legend: (Time is in decaauts)
 A = Elapsed time spent in this place.
 B = Non-inter-level travel time spent in this place.
 C = Inter-level travel time spent in this place.
 D = Time resting spent in this place.
 E = Time spent auto-exploring this place.
 F = Levels seen in this place.
 G = Mean time per level.
                   A        B        C        D        E       F      G
               +--------+--------+--------+--------+--------+-----+--------+
         Total |  11784 |  11467 |    317 |    853 |   7904 |  15 |  785.6 |
       Dungeon |   9246 |   8929 |    317 |    693 |   6639 |  10 |  924.6 |
        Temple |     44 |     44 |      0 |      0 |     43 |   1 |   44.0 |
          Lair |    257 |    257 |      0 |      8 |      0 |   1 |  257.0 |
         Sewer |   1099 |   1099 |      0 |      0 |    895 |   1 | 1099.0 |
       Ossuary |    566 |    566 |      0 |    152 |    237 |   1 |  566.0 |
      Gauntlet |    570 |    570 |      0 |      0 |     90 |   1 |  570.0 |
               +--------+--------+--------+--------+--------+-----+--------+

Top non-repeatable levels by time:
    D:10: 1581 daAuts
     D:6: 1149 daAuts
   Sewer: 1099 daAuts
     D:7: 1033 daAuts
     D:8: 986 daAuts
     D:2: 926 daAuts
     D:3: 896 daAuts
     D:4: 842 daAuts
     D:9: 662 daAuts
     D:1: 662 daAuts
Gauntlet: 570 daAuts
 Ossuary: 566 daAuts
     D:5: 506 daAuts
  Lair:1: 257 daAuts
  Temple: 44 daAuts
